 Dungeon Crawl Stone Soup version 0.31.0-9-g3a7656b989 (webtiles) character file.

Game seed: 4475273297449108289

9643 Colgate the Fighter (level 11, -5/90 HPs)
             Began as a Demonspawn Cinder Acolyte on Jan 30, 2024.
             Was an Initiate of Ignis.
             Slain by Urug
             ... wielding a +6 great sword
              (28 damage)
             ... on level 10 of the Dungeon.
             The game lasted 00:09:41 (9337 turns).

Colgate the Fighter (Demonspawn Cinder Acolyte)     Turns: 9337, Time: 00:09:41

Health: -5/90      AC: 18    Str: 24    XL:     11   Next: 25%
Magic:  0/21       EV:  7    Int: 14    God:    Ignis [......]
Gold:   493        SH:  0    Dex: 10    Spells: 12/12 levels left

rFire   + . .        F - +2 trident (drain)
rCold   . . .        (no shield)
rNeg    . . .        m - +0 plate armour
rPois   .            f - +0 helmet
rElec   .            (no cloak)
rCorr   .            (no gloves)
SInv    .            (no boots)
Will    .....        (no amulet) Stlth
                     n - +6 ring of strength
HPRegen 0.35/turn    D - ring of magical power
MPRegen 0.34/turn

%: guardian spirit
@: no status effects
A: slimy green scales 2, spiny 1, magic shield, magic regeneration, demonic
touch 1
a: Renounce Religion


You were on level 10 of the Dungeon.
You worshipped Ignis.
Ignis was noncommittal.
You visited 1 branch of the dungeon, and saw 10 of its levels.

You collected 493 gold pieces.

Inventory:

Hand Weapons
 a - a -1 spear of flaming
 C - the +1 orcbow of Doom {drain, rF+ Dex+3}
   (You found it on level 7 of the Dungeon)

   Dex+3:     It affects your dexterity (+3).
   rF+:       It protects you from fire.
 F - a +2 trident of draining (weapon)
Armour
 b - a +0 robe
 f - a +0 helmet (worn)
 h - a +0 scale mail
 m - a +0 plate armour (worn)
 J - a +2 cloak
Jewellery
 n - a +6 ring of strength (left hand)
 D - a ring of magical power (right hand)
 L - a ring of flight
Wands
 v - a wand of digging (6) {@v3}
 E - a wand of mindburst (8)
 H - a wand of polymorph (4)
 I - a wand of paralysis (8)
 M - a wand of flame (5)
Scrolls
 c - 10 scrolls of teleportation {unknown}
 e - 5 scrolls of identify {unknown}
 g - 4 scrolls of enchant armour {unknown}
 i - 3 scrolls of enchant weapon {unknown}
 j - a scroll of silence {unknown}
 p - 3 scrolls of blinking {unknown}
 r - 2 scrolls of vulnerability {unknown}
 s - 2 scrolls of brand weapon {unknown}
 t - 2 scrolls of fog {unknown}
 u - 2 scrolls of immolation {unknown}
 y - 2 scrolls of revelation {unknown}
 z - a scroll of torment {unknown}
 B - a scroll of acquirement {unknown}
Potions
 d - 4 potions of curing {@q1}
 k - 2 potions of attraction {unknown}
 l - a potion of brilliance {unknown}
 o - 2 potions of enlightenment {unknown}
 q - 4 potions of heal wounds {unknown}
 w - a potion of lignification {unknown}
 x - 2 potions of haste {unknown}
 A - 3 potions of degeneration {unknown}
 G - a potion of resistance {unknown}
 K - a potion of ambrosia {unknown}


   Skills:
 - Level 10.1 Fighting
 - Level 10.0 Polearms
 + Level 9.9 Armour
 - Level 1.0 Spellcasting
 - Level 2.6 Fire Magic


You had 12 spell levels left.
You didn't know any spells.
Your spell library contained the following spells:

 Spells                   Type           Power      Damage    Failure   Level
 Scorch                   Fire           16%        2d5       83%         2
 Apportation              Tloc           0%         N/A       96%         1
 Volatile Blastmotes      Fire/Tloc      8%         2d10      99%         3
 Confusing Touch          Hex            0%         N/A       100%        3
 Gell's Gravitas          Tloc           0%         N/A       100%        3
 Fulminant Prism          Conj/Alch      0%         3d5       100%        4
 Iskenderun's Mystic Bla  Conj/Tloc      0%         2d3       100%        4


Dungeon Overview and Level Annotations

Branches:
Dungeon (10/15)            Temple (0/1) D:4            Lair (0/5) D:8
    Orc: D:9-12

Altars:
Cheibriados
Hepliaklqana
Kikubaaqudgha
Makhleb
Nemelex Xobeh
Qazlal
Ru
Trog
Yredelemnul

Shops:
D:1 !

Annotations:
D:10 Urug


Innate Abilities, Weirdness & Mutations

You are mostly covered in slimy green scales. (AC +3)
You are partially covered in sharp spines.
When hurt, damage is shared between your health and your magic reserves.
You regenerate magic rapidly.
Your touch may inflict minor irresistible damage on your foes.


Message History

The yak attacks as it pursues you! The yak gores you but does no damage.
Urug throws a silver javelin.
The silver javelin pierces through you!!
The silver sears you!
There is a stone staircase leading up, spattered with blood here.
The yak gores you but does no damage.
You climb upwards.
There is a stone staircase leading down here.
You hit the yak but do no damage. You drain the yak.
You touch the yak!
The yak is struck by your spines.
You kill the yak!
There is a stone staircase leading down here.
You start resting.
Magic restored.
HP restored.
You climb downwards.
Level annotation: Urug
There is a stone staircase leading up, spattered with blood here.
A centaur comes into view. It is carrying a wand of paralysis.
A gargoyle comes into view. It is wielding a +0 morningstar.
Urug throws a silver javelin.
The silver javelin pierces through you! The silver sears you!
Urug hits you with a +6 great sword.
You hit Urug but do no damage. Your touch misses Urug.
Urug is struck by your spines. Urug hits you with a +6 great sword!
You barely miss Urug. You barely miss Urug.
Urug hits you with a +6 great sword!!
You hit Urug. Urug hits you but does no damage.
You puncture Urug! Urug hits you but does no damage.
You hit Urug. You drain Urug.
You touch Urug!
Urug hits you with a +6 great sword!
You closely miss Urug.
You touch Urug!
You closely miss Urug. Urug hits you with a +6 great sword!
* * * LOW HITPOINT WARNING * * *
You closely miss Urug. Your touch misses Urug.
Urug hits you with a +6 great sword.
* * * LOW HITPOINT WARNING * * *
You hit Urug.
You touch Urug!
Urug hits you with a +6 great sword!!
You die...
Urug says, "One more harpy dead."

### ..## ##...##
......# # ......#
#...######### ......#
#...9co@...<##†.....#
#...#######..........
. #....##......#
#...#### ....... ...#
....... .. .......
......# ##.#### .#


You could see Urug (drained), a gargoyle and a centaur.

Vanquished Creatures
  Erica (D:8)
  2 two-headed ogres
  Joseph (D:7)
  Jeremiah (D:7)
  Grinder (D:3)
  Prince Ribbit (D:8)
  A vampire (D:8)
  4 wyverns
  14 yaks
  Eustachio (D:5)
  A steam dragon (D:10)
  3 water moccasins (D:8)
  3 ice beasts
  2 orc warriors (D:8)
  2 black bears
  2 ogres
  2 centaurs
  A phantom (D:4)
  A kobold brigand (D:9)
  A gnoll sergeant (D:5)
  3 bullfrogs
  A scorpion (D:4)
  11 wights (D:8)
  7 howler monkeys
  4 bombardier beetles
  7 hounds
  6 orc priests
  2 jellies
  A sleepcap (D:5)
  5 iguanas
  9 orc wizards
  Robin (D:4)
  19 gnolls
  5 adders
  A shadow imp (D:6)
  A white imp (D:8)
  2 ribbon worms
  A dart slug (D:1)
  29 orcs
  5 bats
  10 endoplasms
  7 giant cockroaches
  20 goblins
  16 hobgoblins
  2 quokkas
  13 ball pythons
  5 frilled lizards
  9 kobolds
  8 rats
255 creatures vanquished.

Notes
Turn   | Place    | Note
-------+----------+-------------------------------------------
     0 | D:1      | Colgate the Demonspawn Cinder Acolyte began the quest for
                  | the Orb.
     0 | D:1      | Reached XP level 1. HP: 18/18 MP: 2/2
   159 | D:1      | Gained mutation: You regenerate magic rapidly. [demonic
                  | ancestry]
   159 | D:1      | Reached XP level 2. HP: 24/24 MP: 3/3
   262 | D:1      | Found Utiaf's Distillery.
   421 | D:1      | Reached XP level 3. HP: 29/29 MP: 4/4
   871 | D:2      | Gained mutation: Your touch may inflict minor irresistible
                  | damage on your foes. [demonic ancestry]
   871 | D:2      | Reached XP level 4. HP: 23/35 MP: 5/5
  1221 | D:2      | Reached skill level 5 in Polearms
  1667 | D:3      | Reached XP level 5. HP: 38/41 MP: 6/6
  1797 | D:3      | Reached XP level 6. HP: 34/47 MP: 7/7
  1987 | D:3      | Noticed Grinder
  1987 | D:3      | Paralysed by Grinder for 3 turns
  2010 | D:3      | Killed Grinder
  2011 | D:3      | Reached XP level 7. HP: 43/52 MP: 8/8
  2255 | D:4      | Found a staircase to the Ecumenical Temple.
  2272 | D:4      | Noticed Robin
  2291 | D:4      | Killed Robin
  2559 | D:4      | Got Ypret's Folio of Cursed Elsewhere
  2579 | D:4      | You fall into a shaft and drop 3 floors!
  2737 | D:7      | Noticed Jeremiah
  2759 | D:5      | Entered Level 5 of the Dungeon
  2935 | D:5      | Gained mutation: When hurt, damage is shared between your
                  | health and your magic reserves. [demonic ancestry]
  2935 | D:5      | Reached XP level 8. HP: 42/58 MP: 9/9
  3158 | D:5      | Noticed Eustachio
  3179 | D:5      | Killed Eustachio
  3180 | D:5      | Reached skill level 10 in Polearms
  3317 | D:5      | Reached skill level 1 in Armour
  3582 | D:5      | Found a bloodstained altar of Trog.
  4566 | D:4      | Found a stormy altar of Qazlal.
  5211 | D:5      | Gained mutation: You are partially covered in slimy green
                  | scales. (AC +2) [demonic ancestry]
  5211 | D:5      | Reached XP level 9. HP: 55/65 MP: 8/10
  5603 | D:6      | Reached skill level 5 in Fighting
  6143 | D:7      | Identified the +1 orcbow of Doom {drain, rF+ Dex+3}
  6180 | D:7      | Noticed Joseph
  6200 | D:7      | Killed Joseph
  6621 | D:7      | Killed Jeremiah
  7153 | D:8      | Gained mutation: You are mostly covered in slimy green
                  | scales. (AC +3) [demonic ancestry]
  7153 | D:8      | Reached XP level 10. HP: 36/83 MP: 5/11
  7178 | D:8      | Reached skill level 10 in Fighting
  7311 | D:8      | Found a staircase to the Lair.
  7405 | D:8      | Noticed a two-headed ogre
  7411 | D:8      | Killed a two-headed ogre
  7412 | D:8      | Reached skill level 5 in Armour
  7423 | D:8      | Noticed Prince Ribbit
  7447 | D:8      | Killed Prince Ribbit
  7732 | D:8      | Found a basalt altar of Yredelemnul.
  7739 | D:8      | Found a hazy altar of Hepliaklqana.
  7750 | D:8      | Found a sacrificial altar of Ru.
  7750 | D:8      | Noticed Erica
  7762 | D:8      | Killed Erica
  7773 | D:8      | Found a sparkling altar of Nemelex Xobeh.
  7923 | D:8      | Found an ancient bone altar of Kikubaaqudgha.
  7926 | D:8      | Found a burning altar of Makhleb.
  7927 | D:8      | Found a snail-covered altar of Cheibriados.
  8412 | D:9      | Noticed a two-headed ogre
  8421 | D:9      | Killed a two-headed ogre
  8422 | D:9      | Gained mutation: You are partially covered in sharp spines.
                  | [demonic ancestry]
  8422 | D:9      | Reached XP level 11. HP: 24/90 MP: 7/12
  8693 | D:9      | Found a flagged portal.
  9187 | D:10     | Entered Level 10 of the Dungeon
  9208 | D:10     | Noticed Urug
  9337 | D:10     | Slain by Urug

Illustrated notes

Levels and vault maps discovered:
D:1:      roadster_arrival_rocket_large, layout_basic, serial_shops,
          nicolae_shop_gibbet_a_chance
D:2:      layout_basic, minmay_split_cup_small
D:3:      layout_rooms, nicolae_elyvilon_temple_path, uniq_grinder
D:4:      layout_rooms, general_overflow_altar, minmay_temple_entry_crystal_x,
          chequers_serial_rivers_micro_a, nicolae_figureground_sparkle,
          uniq_robin
D:5:      layout_loops_corners, mainiacjoe_overflow_tiny_flanked,
          nrook_loot_triangle, uniq_eustachio
D:6:      layout_basic, st_stairs_2
D:7:      layout_rooms, mrwooster_statue_mirror, grunt_ministairs_7,
          hangedman_decor_growths, uniq_joseph, uniq_jeremiah
D:8:      layout_rooms, nicolae_overflow_hallway_of_the_gods,
          minmay_lair_entry_grove, uniq_prince_ribbit1, uniq_erica
D:9:      layout_basic, enter_bailey_2, minmay_misc_feat_tiny
D:10:     layout_rooms, mainiacjoe_overflow_boulevard, serial_shops, shop,
          uniq_snorg, uniq_harold, uniq_urug

Skill      XL: |  1  2  3  4  5  6  7  8  9 10 11 |
---------------+----------------------------------+-----
Polearms       | 3 4 5 6 7 9 10 | 10.0
Armour         | 4 8 9 |  9.9
Fighting       | 9 10 | 10.1
Spellcasting   | |  1.0
Fire Magic     | |  2.6

Action                     |  1- 3 |  4- 6 |  7- 9 | 10-12 || total
---------------------------+-------+-------+-------+-------++-------
  Melee: Spear             |   149 |   113 |   413 |       ||   675
         Touch             |       |    13 |    66 |    32 ||   111
         Punch             |       |     1 |     4 |       ||     5
         Trident           |       |       |    32 |   223 ||   255
 Invoke: Fiery Armour      |     1 |     3 |     9 |       ||    13
         Rising Flame      |       |       |     1 |       ||     1
    Use: Potion            |       |     1 |       |       ||     1
   Stab: Distracted        |     1 |       |       |       ||     1
 Armour: Robe              |     5 |       |       |       ||     5
         Scale mail        |    51 |       |       |       ||    51
         Plate armour      |    10 |    99 |   256 |   170 ||   535
  Dodge: Dodged            |    40 |    12 |    78 |    52 ||   182
